 Dungeon Crawl Stone Soup version 0.30-a0-728-gc68057be0a (webtiles) character file.

Game seed: 16979897930104511031

6487 karrick the Cleaver (level 11, -8/68 HPs)
             Began as a Gargoyle Fighter on Jan 30, 2023.
             Was an Elder of Okawaru.
             Mangled by a komodo dragon (10 damage)
             ... on level 10 of the Dungeon.
             The game lasted 00:10:06 (8141 turns).

karrick the Cleaver (Gargoyle Fighter)              Turns: 8141, Time: 00:10:06

Health: -8/68      AC: 14    Str: 26    XL:     11   Next: 0%
Magic:  11/11      EV:  9    Int:  9    God:    Okawaru [****..]
Gold:   395        SH:  5    Dex: 13    Spells: 10/10 levels left

rFire   . . .      SeeInvis .    a - +0 war axe
rCold   + . .      Faith    .    c - +0 buckler
rNeg    + . .      Spirit   .    d - +2 scale mail {rPois}
rPois   ∞          Reflect  .    (no helmet)
rElec   +          Harm     .    (no cloak)
rCorr   .          Rampage  .    (no gloves)
Will    .....      Clarity  +    (no boots)
Stlth   +                        (no amulet)
HPRegen 1.11/turn                t - +6 ring of strength
MPRegen 0.12/turn                n - +4 ring of slaying

@: about to teleport, corroded
A: sickness immunity, AC +8, negative energy resistance 1, electricity
resistance, torment resistance 1, petrification resistance, clarity, cold
resistance 1, regeneration 1
a: Renounce Religion, Heroism, Finesse


You were on level 10 of the Dungeon.
You worshipped Okawaru.
Okawaru was greatly pleased with you.
You visited 2 branches of the dungeon, and saw 11 of its levels.
You also visited: Sewer.

You collected 395 gold pieces.

Inventory:

Hand Weapons
 a - a +0 war axe (weapon)
Missiles
 G - a throwing net (quivered)
Armour
 c - a +0 buckler (worn)
 d - a +2 scale mail of poison resistance (worn)
 p - +0 swamp dragon scales
 A - +0 steam dragon scales
Jewellery
 f - a ring of protection from cold
 n - a +4 ring of slaying (right hand)
 r - an amulet of magic regeneration
 t - a +6 ring of strength (left hand)
 B - the ring "Getadogau" {*Slow rPois Int+8 SInv}
   (You found it on level 7 of the Dungeon)

   [ring of see invisible]

   Int:       It affects your intelligence (+8).
   rPois:     It protects you from poison.
   SInv:      It lets you see invisible.
   *Slow:     It may slow you when you take damage.
 F - a +4 ring of protection
Wands
 H - a wand of roots (4)
Scrolls
 b - 3 scrolls of butterflies {unknown}
 g - 3 scrolls of blinking {unknown}
 h - 5 scrolls of teleportation
 j - 3 scrolls of fog
 k - a scroll of poison {unknown}
 l - 5 scrolls of identify
 m - a scroll of enchant weapon {unknown}
 q - a scroll of vulnerability {unknown}
 w - a scroll of brand weapon {unknown}
 x - a scroll of fear {unknown}
 y - a scroll of noise {unknown}
 z - a scroll of enchant armour {unknown}
Potions
 e - 2 potions of mutation
 i - 3 potions of degeneration
 o - 2 potions of flight
 s - a potion of attraction {unknown}
 u - a potion of magic {unknown}
 v - a potion of lignification {unknown}
 C - a potion of heal wounds {unknown}
 D - a potion of berserk rage {unknown}
 E - a potion of haste {unknown}
 I - a potion of ambrosia {unknown}


   Skills:
 + Level 8.3 Fighting
 + Level 11.2 Axes
 + Level 8.2 Armour
 + Level 2.1 Stealth
 + Level 6.0 Shields


You had 10 spell levels left.
You didn't know any spells.
Your spell library contained the following spells:

 Spells                   Type           Power      Damage    Failure   Level
 Slow                     Hex            0%         N/A       71%         1
 Blink                    Tloc           0%         N/A       85%         2
 Lesser Beckoning         Tloc           0%         N/A       85%         2
 Momentum Strike          Conj/Tloc      0%         3d8       85%         2
 Confusing Touch          Hex            0%         N/A       97%         3
 Vampiric Draining        Necr           0%         2d6       97%         3


Dungeon Overview and Level Annotations

Branches:
Dungeon (10/15)            Temple (1/1) D:5           Sewer (visited)
   Lair: D:8-11         Orc: D:9-12

Altars:
Ashenzari
Cheibriados
Dithmenos
Elyvilon
Gozag
Hepliaklqana
Makhleb
Nemelex Xobeh
Okawaru
Qazlal
Ru
Sif Muna
Trog
Uskayaw
Vehumet
Wu Jian
Yredelemnul
Zin
The Shining One

Annotations:
D:8 Maurice
D:9 Gastronok


Innate Abilities, Weirdness & Mutations

You are immune to sickness and miasma.
Your stone body is resilient. (AC +8)
You are immune to poison.
You resist negative energy. (rN+)
You are resistant to electric shocks. (rElec)
You are resistant to unholy torment.
You are immune to petrification.
You possess an exceptional clarity of mind.
Your flesh is cold resistant. (rC+)
Your natural rate of healing is unusually fast.


Message History

You slash the orc priest!
You kill the orc priest!
Okawaru accepts your kill. You block the acid dragon's attack.
The acid dragon barely misses you.
Items here: ! )) [.
You slice the acid dragon!!
The acid dragon is severely wounded.
The acid dragon spits acid at you. The splash of acid hits you!!
The acid corrodes you!
You hit the acid dragon.
The acid dragon is almost dead.
The acid dragon barely misses you. The acid dragon claws you.
You slash the acid dragon!
You kill the acid dragon!
Okawaru accepts your kill.
The acid dragon scales are intact enough to wear.
You have reached level 11!
You slash the komodo dragon!
The komodo dragon is lightly wounded.
The komodo dragon bites you!
You are too injured to fight recklessly!
You slash the komodo dragon!
The komodo dragon is heavily wounded.
You barely miss the orc. The orc barely misses you.
The komodo dragon bites you!
* * * LOW HITPOINT WARNING * * *
Okay, then.
As you read the scroll labelled DOH KIRIEGOE, it crumbles to dust.
It is a scroll of identify.
h - 6 scrolls of teleportation The orc hits you with a +0 long sword!
* * * LOW HITPOINT WARNING * * *
The komodo dragon bites you!
* * * LOW HITPOINT WARNING * * *
Okay, then.
Okay, then.
As you read the scroll of teleportation, it crumbles to dust.
You feel strangely unstable. The orc hits you but does no damage.
The komodo dragon bites you!
You die...

####.## #.######
###.#.#...#.#. #.# #.#
############ #.# #.#
#.# #.# ### #### #####
## #####.####.#..##.#
##.........###.#..#
##....###......).#.##.#
##.†##.# ###....@l....#
..###### #.#####o......
### #. ##..... ## ...#
#.. .


You could see a komodo dragon and an orc.

Vanquished Creatures
  A deep elf pyromancer (D:10)
  Maggie (D:8)
  2 komodo dragons (D:10)
  2 unseen horrors (D:10)
  A kobold demonologist (D:9)
  Sigmund (D:7)
  A wraith (D:10)
  2 wyverns
  Eustachio (D:4)
  4 yaks (D:8)
  2 steam dragons (D:6)
  2 acid dragons (D:10)
  An ice beast (D:4)
  A sky beast (D:6)
  A black bear (D:4)
  2 ogres
  3 kobold brigands
  2 necrophages
  3 bullfrogs
  4 scorpions
  A gnoll sergeant (D:10)
  3 wights (D:8)
  9 killer bees
  2 howler monkeys (D:8)
  An electric eel (D:6)
  A lava snake (D:8)
  A jelly (D:4)
  4 hounds
  3 orc priests
  8 orc wizards
  5 gnolls (D:10)
  7 adders
  2 shadow imps
  2 ufetubi
  4 worms
  3 dart slugs
  26 orcs
  6 endoplasms
  15 giant cockroaches
  8 goblins
  14 hobgoblins
  3 jackals (D:4)
  18 kobolds
  9 quokkas
  8 ball pythons
  3 bats
  11 frilled lizards
  10 rats
224 creatures vanquished.

Vanquished Creatures (others)
  9 plants (D:6)
9 creatures vanquished.

Grand Total: 233 creatures vanquished

Notes
Turn   | Place    | Note
-------+----------+-------------------------------------------
     0 | D:1      | karrick the Gargoyle Fighter began the quest for the Orb.
     0 | D:1      | Reached XP level 1. HP: 14/14 MP: 1/1
   213 | D:1      | Reached XP level 2. HP: 19/19 MP: 2/2
   375 | D:1      | Reached skill level 2 in Axes
   576 | D:1      | Found a faded altar of an unknown god.
   705 | D:1      | Reached XP level 3. HP: 19/24 MP: 3/3
  1141 | D:2      | Reached skill level 1 in Stealth
  1156 | D:2      | Reached XP level 4. HP: 28/29 MP: 4/4
  2022 | D:3      | Found a shadowy altar of Dithmenos.
  2202 | D:4      | Reached skill level 3 in Axes
  2202 | D:4      | Reached XP level 5. HP: 33/33 MP: 5/5
  2281 | D:4      | Noticed Eustachio
  2295 | D:4      | Killed Eustachio
  2296 | D:4      | Reached skill level 4 in Axes
  2296 | D:4      | Reached XP level 6. HP: 31/38 MP: 6/6
  2327 | D:4      | Found a glowing drain.
  2339 | Sewer    | Entered a sewer
  2579 | Sewer    | Reached skill level 5 in Axes
  2579 | Sewer    | Reached XP level 7. HP: 28/44 MP: 7/7
  2900 | D:4      | Reached skill level 5 in Fighting
  2921 | D:4      | Found a glowing silver altar of Zin.
  2923 | D:4      | Found a basalt altar of Yredelemnul.
  3003 | D:4      | Reached skill level 6 in Axes
  3136 | D:4      | Reached XP level 8. HP: 49/49 MP: 8/8
  3452 | D:5      | Entered Level 5 of the Dungeon
  3492 | D:5      | Found a white marble altar of Elyvilon.
  3671 | D:5      | Found a staircase to the Ecumenical Temple.
  3702 | Temple   | Entered the Ecumenical Temple
  3786 | Temple   | Became a worshipper of Warmaster Okawaru
  4078 | D:5      | Reached skill level 7 in Axes
  4479 | D:6      | Reached skill level 5 in Armour
  4769 | D:6      | Reached skill level 8 in Axes
  4769 | D:6      | Reached XP level 9. HP: 55/55 MP: 9/9
  4809 | D:6      | Reached * piety under Okawaru
  4958 | D:6      | Reached skill level 5 in Shields
  5048 | D:6      | Identified the +3 leather armour of the Journeyman {rF- rC+
                  | Dex+3 Slay+3}
  5379 | D:7      | Identified the ring "Getadogau" {*Slow rPois Int+8 SInv}
  5520 | D:7      | Noticed Sigmund
  5525 | D:7      | Killed Sigmund
  5886 | D:7      | Reached skill level 9 in Axes
  6238 | D:8      | Reached ** piety under Okawaru
  6301 | D:8      | Gained mutation: Your natural rate of healing is unusually
                  | fast. [potion of mutation]
  6301 | D:8      | Gained mutation: You possess an exceptional clarity of
                  | mind. [potion of mutation]
  6301 | D:8      | Gained mutation: Your flesh is cold resistant. (rC+)
                  | [potion of mutation]
  6309 | D:8      | Reached XP level 10. HP: 9/61 MP: 10/10
  6433 | D:8      | Noticed Maggie
  6454 | D:8      | Killed Maggie
  6455 | D:8      | Reached skill level 10 in Axes
  6882 | D:8      | Noticed Maurice
  6900 | D:9      | Noticed a kobold demonologist
  6917 | D:9      | Noticed a sixfirhy
  6918 | D:9      | Killed a kobold demonologist
  6945 | D:9      | Noticed Gastronok
  6959 | D:10     | Entered Level 10 of the Dungeon
  6962 | D:10     | Noticed a deep elf pyromancer
  6972 | D:10     | Killed a deep elf pyromancer
  6972 | D:10     | Reached *** piety under Okawaru
  7061 | D:10     | Killed an unseen horror
  7563 | D:10     | Reached **** piety under Okawaru
  7854 | D:10     | Killed an unseen horror
  7855 | D:10     | Reached skill level 11 in Axes
  8138 | D:10     | Reached XP level 11. HP: 43/68 MP: 11/11
  8140 | D:10     | HP: 1/68 [komodo dragon (10)]
  8141 | D:10     | Mangled by a komodo dragon

Illustrated notes

Levels and vault maps discovered:
D:1:      nagdon_arrival_zigzag_paths, layout_basic,
          hellmonk_ecumenical_altar_heavens_door
D:2:      layout_rooms
D:3:      layout_loops_ring, mainiacjoe_overflow_small_starburst,
          serial_aquarium, aquarium_bridge_square [aquarium_subvault_bridge,
          aquarium_subvault_window, aquarium_subvault_bridge,
          aquarium_subvault_bridge], aquarium_window_fake, aquarium_window_fake,
          aquarium_window_fake, aquarium_window_fake, aquarium_view_2f,
          st_stairs_1
D:4:      layout_loops_ring, chequers_temple_overflow_statue_of_worship,
          gup_sewer_entry_pipe, grunt_decor_fettered, corner_web_ring,
          minmay_between, uniq_eustachio
D:5:      layout_loops_ring, elyvilon_altar_5, minmay_temple_entry_trees
D:6:      layout_loops_cross, serial_bayou, serial_bayou_shore_b,
          serial_bayou_pond_c, serial_bayou_ford_a, serial_bayou_crossing,
          grunt_ministairs_3
D:7:      layout_gridville, sigmund_army
D:8:      layout_layer_cave, grunt_decor_junction, roderic_cross_of_infinity,
          minmay_misc_feat_enclosed, uniq_maurice, uniq_maggie
D:9:      layout_irregular_city, gammafunk_temple_overflow_wave, erik_orc_4,
          serial_shops, nicolae_shop_behind_doors, evilmike_butchery,
          uniq_gastronok
D:10:     layout_basic, erik_lair_dragon, serial_aquarium,
          aquarium_bridge_straight [aquarium_subvault_bridge,
          aquarium_subvault_balcony, aquarium_subvault_bridge,
          aquarium_subvault_wall], aquarium_window_2, aquarium_window_fake,
          aquarium_window_1, aquarium_view_2f, aquarium_view_2b,
          aquarium_pool_five, chequers_arboretum, minmay_misc_feat_alley,
          minivault_25
Temple:   lightli_temple_of_artemis

Skill      XL: |  1  2  3  4  5  6  7  8  9 10 |
---------------+-------------------------------+-----
Axes           | 2 3 4 5 6 8 9 11 | 11.2
Stealth        | 1 2 |  2.1
Shields        | 4 5 6 |  6.0
Fighting       | 4 5 6 8 |  8.3
Armour         | 4 5 6 8 |  8.2

Action                     |  1- 3 |  4- 6 |  7- 9 | 10-12 || total
---------------------------+-------+-------+-------+-------++-------
  Melee: War axe           |   112 |   167 |   214 |   164 ||   657
    Use: Potion            |       |     1 |     6 |       ||     7
         Scroll            |       |       |       |     3 ||     3
 Armour: Scale mail        |    74 |   100 |   138 |   132 ||   444
  Dodge: Dodged            |    61 |    78 |   121 |    57 ||   317
  Block: Buckler           |    23 |    48 |    62 |    30 ||   163

Table legend: (Time is in decaauts)
 A = Elapsed time spent in this place.
 B = Non-inter-level travel time spent in this place.
 C = Inter-level travel time spent in this place.
 D = Time resting spent in this place.
 E = Time spent auto-exploring this place.
 F = Levels seen in this place.
 G = Mean time per level.
                   A        B        C        D        E       F      G
               +--------+--------+--------+--------+--------+-----+--------+
         Total |   8389 |   8235 |    154 |     25 |   6605 |  12 |  699.1 |
       Dungeon |   7678 |   7537 |    141 |     25 |   6133 |  10 |  767.8 |
        Temple |     98 |     85 |     13 |      0 |     78 |   1 |   98.0 |
         Sewer |    612 |    612 |      0 |      0 |    393 |   1 |  612.0 |
               +--------+--------+--------+--------+--------+-----+--------+

Top non-repeatable levels by time:
    D:10: 1183 daAuts
     D:1: 1052 daAuts
     D:6: 927 daAuts
     D:5: 919 daAuts
     D:4: 797 daAuts
     D:8: 778 daAuts
     D:7: 758 daAuts
     D:3: 694 daAuts
   Sewer: 612 daAuts
     D:2: 500 daAuts
  Temple: 98 daAuts
     D:9: 67 daAuts
